AoeStats
← NuMa | Gacha

Nomad

508457332Analyzed
2v2 RM · 11d ago on Sep 22, 2026· 50m 17s· 4 players
Game mode
Random Map
Map size
176×176
Population
200
Speed
Normal
Resources
Standard
Victory
Conquest
Starting age
Dark Age
Ending age
Imperial Age
RankedLock teamsTeams togetherTeam positionsShared explorationLock speedFull tech treeHidden civsTurbo modeCheats
Victory
Defeat
🇨🇳 Burgundians · China
1179
+14
🇨🇴 Koreans · Colombia
1081
+19
1144
-17
1128
-16
WØL | King Levi the First
4:58 Loom
16:14 Feudal Age
16:47 Fishing Lines
17:43 Double-Bit Axe
18:18 Horse Collar
22:27 Castle Age
23:41 Husbandry
23:53 Scale Barding Armor
24:06 Bow Saw
26:50 Fletching
27:43 Bloodlines
34:21 Wheelbarrow
33:15 Elite Skirmisher
35:17 Chain Barding Armor
35:55 Heavy Plow
36:20 Thumb Ring
37:48 Ballistics
42:59 Imperial Age
40:37 Bodkin Arrow
41:47 Wheelbarrow
40:57 Town Watch
41:17 Padded Archer Armor
44:02 Gold Mining
43:38 Cavalier
45:17 Plate Barding Armor
WØL | Sir Luis the Third
8:54 Loom
14:35 Feudal Age
14:45 Feudal Age
16:19 Town Watch
18:50 Castle Age
17:08 Double-Bit Axe
18:37 Stone Mining
18:39 Gold Mining
18:33 Horse Collar
19:52 Fletching
20:48 Bodkin Arrow
36:35 Imperial Age
35:28 Padded Archer Armor
36:29 Bloodlines
41:06 Leather Archer Armor
40:43 Elite Conquistador
44:30 Conscription
NuMa | Gacha
4:09 Loom
13:50 Feudal Age
18:32 Castle Age
17:13 Stone Mining
17:20 Double-Bit Axe
18:39 Gold Mining
26:31 Fletching
27:09 Horse Collar
29:07 Forging
31:21 Ballistics
34:48 Pikeman
36:04 Heavy Plow
39:51 Wheelbarrow
42:33 Imperial Age
42:04 Gold Shaft Mining
43:02 Town Watch
228811348
4:35 Loom
9:10 Fishing Lines
11:35 Double-Bit Axe
15:48 Feudal Age
16:58 Wheelbarrow
16:23 Gillnets
16:44 Bow Saw
16:27 Gold Mining
17:56 Gold Shaft Mining
22:25 Castle Age
21:46 Hand Cart
21:22 Stone Mining
23:26 Medium Warships
24:20 Two-Man Saw
24:06 Stone Shaft Mining
23:59 Horse Collar
25:10 Guilds
32:13 Imperial Age
29:57 Town Watch
30:42 Fletching
31:25 Bodkin Arrow
32:35 Burgundian Vineyards
34:03 Forging
33:58 Heavy Plow
34:43 Scale Barding Armor
35:10 Conscription
37:09 Chain Barding Armor
37:46 Crop Rotation
37:30 Husbandry
39:15 Iron Casting
39:38 Plate Barding Armor
40:14 Elite Coustillier
41:56 Ballistics
41:47 Masonry
43:12 Blast Furnace
43:20 Hoardings
43:12 Bracer
43:37 Padded Archer Armor
44:56 Architecture
43:51 Elite Skirmisher
46:13 Leather Archer Armor
Connection lost

Rejoining the realm…

Still unreachable

The connection could not be restored.

Session expired

The server has moved on; the page needs a fresh start.